 Dungeon Crawl Stone Soup version 0.24.0-41-g2ae2f7f1be (webtiles) character file.

Game seed: 14162132986214791106, levelgen mode: deterministic

156 Delamore the Chopper (level 5, -11/45 HPs)
             Began as a Hill Orc Fighter on Dec 12, 2019.
             Killed by divine providence
             ... invoked by an orc priest
              (12 damage)
             ... on level 3 of the Dungeon.
             The game lasted 00:01:44 (1784 turns).

Delamore the Chopper (Hill Orc Fighter)             Turns: 1784, Time: 00:01:45

Health: -11/45     AC:  6    Str: 20    XL:     5   Next: 38%
Magic:  5/5        EV:  7    Int:  8    God:
Gold:   61         SH:  9    Dex: 10    Spells: 4/4 levels left

rFire    . . .     SeeInvis .   a - +0 war axe
rCold    . . .     Gourm    +   c - +0 shield
rNeg     . . .     Faith    .   b - +0 scale mail
rPois    .         Spirit   .   (no helmet)
rElec    .         Reflect  .   (no cloak)
rCorr    .         Harm     .   (no gloves)
MR       .....                  (no boots)
Stlth    ..........             m - amulet of the gourmand
HPRegen  0.15/turn              (no ring)
MPRegen  0.09/turn              (no ring)

@: no status effects
A: no striking features
a: Convert to Beogh


You were on level 3 of the Dungeon.
You were completely stuffed.

You visited 1 branch of the dungeon, and saw 3 of its levels.

You collected 61 gold pieces.

Inventory:

Hand Weapons
 a - a +0 war axe (weapon)
Missiles
 i - 11 poisoned darts (quivered)
Armour
 b - a +0 scale mail (worn)
 c - a +0 shield (worn)
Jewellery
 m - an amulet of the gourmand (around neck)
 r - an uncursed ring of flight {unknown}
Scrolls
 e - 4 scrolls of identify {unknown}
 h - a scroll of blinking {unknown}
 j - a scroll of fog {unknown}
 k - a scroll of enchant weapon {unknown}
 l - a scroll of immolation {unknown}
 o - a scroll of enchant armour {unknown}
 s - a scroll of noise {unknown}
 t - a scroll of teleportation {unknown}
Potions
 d - a potion of might
 g - a potion of haste {unknown}
 n - a potion of lignification {unknown}
Comestibles
 f - 8 rations
 p - 4 chunks of flesh


   Skills:
 - Level 3.6 Fighting
 + Level 7.2 Axes
 - Level 3.2 Armour
 - Level 3.2 Shields


You had 4 spell levels left.
You didn't know any spells.
Your spell library was empty.

Dungeon Overview and Level Annotations

Branches:
Dungeon (3/15)

Altars:


Message History

Your shield and scale mail prevent you from hitting something.
You hear some strange, mumbled words.
Something tries to affect you, but you resist.
You miss something. Something hits you.
* * * LOW HITPOINT WARNING * * *
You miss something.
The orc priest threatens, "By the altar or by the axe, you will meet Beogh!"
You hear some strange, mumbled words.
A magic dart appears from out of thin air!
The magic dart hits you.
* * * LOW HITPOINT WARNING * * *
The orc priest calls down the wrath of Beogh upon you.
Something writhes in agony!
Reactivating autopickup.
Your Axes skill increases to level 7!
You feel a bit more experienced.
It was a potion of magic.
Magic courses through your body.
The orc priest mumbles some strange prayers to Beogh against you.
Beogh smites you!
You die...

###########....####.#..#...#
#.# ... ####....#....#...#
#.# ### #.##.#........###.#
...#........#.....#
###...############ #...#
#...# #.#####...#
#..o)@....# #########.# #.#
#.# .. .


You could see an orc priest.

Vanquished Creatures
  A worker ant (D:3)
  4 adders (D:2)
  An ooze (D:2)
  A worm (D:2)
  A dart slug (D:2)
  3 orcs (D:3)
  6 bats
  4 giant cockroaches
  8 goblins
  12 hobgoblins
  6 jackals
  A quokka (D:2)
  3 frilled lizards
  2 kobolds
  4 rats
57 creatures vanquished.

Vanquished Creatures (others)
  An orc wizard (D:3)
1 creature vanquished.

Grand Total: 58 creatures vanquished

Notes
Turn   | Place    | Note
-------+----------+-------------------------------------------
     0 | D:1      | Delamore the Hill Orc Fighter began the quest for the Orb.
     0 | D:1      | Reached XP level 1. HP: 19/19 MP: 1/1
    36 | D:1      | Reached skill level 3 in Axes
    49 | D:1      | Reached XP level 2. HP: 20/26 MP: 2/2
   151 | D:1      | Reached skill level 4 in Axes
   538 | D:2      | Reached XP level 3. HP: 31/31 MP: 3/3
   679 | D:2      | Reached skill level 5 in Axes
   762 | D:2      | Reached XP level 4. HP: 28/39 MP: 4/4
  1201 | D:2      | Reached skill level 6 in Axes
  1715 | D:3      | Reached XP level 5. HP: 45/45 MP: 5/5
  1783 | D:3      | HP: 1/45 [something/magic dart (6)]
  1783 | D:3      | Reached skill level 7 in Axes
  1784 | D:3      | Killed from afar by an orc priest

Levels and vault maps discovered:
D:1:      eino_arrival_cavern_d, layout_basic, minivault_25, feat_on_display
D:2:      layout_basic
D:3:      minmay_diamond_boxcup, layout_basic, first_ration

Skill      XL: |  1  2  3  4  5 |
---------------+----------------+-----
Axes           | 3 4 5 6 7 |  7.2
Fighting       | |  3.6
Armour         | |  3.2
Shields        | |  3.2

Action                   |  1- 3 |  4- 6 || total
-------------------------+-------+-------++-------
Melee: War axe           |   102 |    99 ||   201
  Use: Potion            |       |     1 ||     1
  Eat: Chunk             |     9 |     5 ||    14
Armor: Scale mail        |    47 |    46 ||    93
Dodge: Dodged            |    39 |    28 ||    67
Block: Shield            |    53 |    47 ||   100
